 Dungeon Crawl Stone Soup version 0.30-a0-373-gd37427bb62 (webtiles) character file.

Game seed: 4705342797429417286

64386 mopl the Severer (level 15, -10/132 HPs)
             Began as a Hill Orc Fighter on Nov 24, 2022.
             Was the Champion of Okawaru.
             Shot with a bolt by an orc knight (21 damage)
             ... on level 2 of the Orcish Mines.
             The game lasted 00:31:17 (18840 turns).

mopl the Severer (Hill Orc Fighter)                Turns: 18840, Time: 00:31:17

Health: -10/132    AC: 21    Str: 35    XL:     15   Next: 12%
Magic:  20/24      EV: 16    Int:  8    God:    Okawaru [******]
Gold:   1809       SH:  0    Dex: 21    Spells: 14/14 levels left

rFire   . . .      SeeInvis .    a - +2 battleaxe (freeze)
rCold   . . .      Faith    +    (shield currently unavailable)
rNeg    . . .      Spirit   .    e - +0 chain mail {Will+}
rPois   .          Reflect  .    r - +1 helmet
rElec   .          Harm     .    (no cloak)
rCorr   .          Rampage  .    T - +3 pair of gloves "Yptucoyb" {Str+4 Dex+3}
Will    ++...                    (no boots)
Stlth   ..........               z - amulet of faith {!P}
HPRegen 0.42/turn                k - +6 ring of dexterity
MPRegen 0.19/turn                V - +6 ring of strength

@: heroic, finesse-ful
A: no striking features
a: Renounce Religion, Heroism, Finesse, Duel


You were on level 2 of the Orcish Mines.
You worshipped Okawaru.
Okawaru was exalted by your worship.
You visited 3 branches of the dungeon, and saw 18 of its levels.
You also visited: Ice Cave.

You collected 1809 gold pieces.

Inventory:

Hand Weapons
 a - a +2 battleaxe of freezing (weapon)
 b - the +5 trident of Naagit {vorpal, rC+ Will+}
   (You found it on level 10 of the Dungeon)

   It inflicts extra damage upon your enemies.
   rC:        It protects you from cold.
   Will:      It increases your willpower.
Missiles
 n - 5 throwing nets
 t - 4 boomerangs
 B - 30 poisoned darts (quivered)
 M - 9 javelins
 P - 12 curare-tipped darts
Armour
 e - a +0 chain mail of willpower (worn)
 r - a +1 helmet (worn)
 T - the +3 pair of gloves "Yptucoyb" (worn) {Str+4 Dex+3}
   (Okawaru gifted it to you on level 2 of the Lair of Beasts)

   Str:       It affects your strength (+4).
   Dex:       It affects your dexterity (+3).
Jewellery
 j - a ring of fire
 k - a +6 ring of dexterity (left hand)
 x - a ring of see invisible
 z - an amulet of faith (around neck) {!P}
 J - a ring of flight
 V - a +6 ring of strength (right hand)
Wands
 v - a wand of roots (11)
 E - a wand of paralysis (4)
 L - a wand of mindburst (4)
 R - a wand of flame (12)
 S - a wand of polymorph (3)
Scrolls
 f - 8 scrolls of poison
 g - 3 scrolls of fear
 p - 10 scrolls of teleportation
 s - a scroll of silence {unknown}
 u - 2 scrolls of immolation
 w - a scroll of fog {unknown}
 A - 2 scrolls of enchant weapon {unknown}
 C - 3 scrolls of enchant armour {unknown}
 D - 2 scrolls of magic mapping {unknown}
 H - 4 scrolls of vulnerability {unknown}
 K - a scroll of noise {unknown}
Potions
 c - a potion of magic
 d - 5 potions of might
 h - 3 potions of heal wounds
 l - 4 potions of lignification {!q}
 m - 5 potions of flight
 o - a potion of ambrosia
 F - 3 potions of resistance
 I - 2 potions of mutation {!q}
 O - a potion of cancellation
 Q - 4 potions of curing
 U - a potion of haste {unknown}
 X - a potion of berserk rage {unknown}
Miscellaneous
 y - a phial of floods
 N - a piece from Xom's chessboard (15/15)


   Skills:
 + Level 11.9(16.9) Fighting
 * Level 19.3(24.3) Axes
 + Level 8.9(13.9) Throwing
 + Level 11.0(16.0) Armour
 + Level 4.1(9.1) Dodging
 - Level 3.2(8.2) Shields
 + Level 12.3 Invocations
 + Level 9.6 Evocations


You had 14 spell levels left.
You didn't know any spells.
Your spell library contained the following spells:

 Spells                   Type           Power      Damage    Failure   Level
 Blink                    Tloc           0%         N/A       86%         2
 Ensorcelled Hibernation  Hex/Ice        0%         N/A       86%         2
 Momentum Strike          Conj/Tloc      0%         3d8       86%         2
 Lesser Beckoning         Tloc           0%         N/A       98%         3
 Spider Form              Tmut/Pois      0%         N/A       98%         3
 Airstrike                Air            0%         2d(0-16)  100%        4
 Anguish                  Hex/Necr       0%         N/A       100%        4
 Passage of Golubria      Tloc           0%         N/A       100%        4
 Lightning Bolt           Conj/Air       0%         1d11      100%        5
 Yara's Violent Unravell  Hex/Tmut       0%         3d3       100%        5
 Tukima's Dance           Hex            Unusable   N/A       N/A         3
 Summon Lightning Spire   Summ/Air       Unusable   N/A       N/A         4

Dungeon Overview and Level Annotations

Branches:
Dungeon (11/15)            Temple (0/1) D:6            Lair (5/5) D:9
  Swamp (0/4) Lair:3       Spider (0/4) Lair:3        Slime (0/5) Lair:4
    Orc (2/2) D:9             Elf (0/3) Orc:2         IceCv (visited)

Altars:
Ashenzari
Dithmenos
Gozag
Kikubaaqudgha
Makhleb
Okawaru
Ru
Sif Muna
Xom
Yredelemnul
Jiyva

Shops:
D:2 (

Annotations:
Orc:2 1 runed translucent door, Laemies's ghost, journeyman DsAK


Message History

Unknown command.
You slash the orc warrior! You freeze the orc warrior.
You kill the orc warrior!
Okawaru accepts your kill.
Unknown command.
The orc unwields a +0 arbalest.
The orc wields a +0 trident.
The orc hits you but does no damage.
An orc knight comes into view. It is wielding a +0 arbalest.
Items here: ))) [ ††.
Unknown command.
The orc warrior hits you with a +0 mace!
* * * LOW HITPOINT WARNING * * *
The orc hits you but does no damage.
Things that are here:
a +0 trident; a +0 arbalest Unknown command.
You feel much better. The orc warrior barely misses you.
The orc knight shoots a bolt.
The bolt hits you but does no damage. The orc hits you with a +0 trident.
* * * LOW HITPOINT WARNING * * *
Unknown command.
You gain the combat prowess of a mighty hero.
The orc warrior barely misses you.
The orc knight shoots a bolt.
The bolt hits you.
* * * LOW HITPOINT WARNING * * *
The orc closely misses you.
Unknown command.
You slash the orc! You freeze the orc.
You kill the orc!
You slash the orc warrior! You freeze the orc warrior.
The orc warrior hits you with a +0 mace.
* * * LOW HITPOINT WARNING * * *
An orc warrior comes into view. It is wielding a +0 mace.
The orc knight shoots a bolt.
The bolt hits you!
* * * LOW HITPOINT WARNING * * *
The orc warrior attacks as you move away!
The orc warrior hits you with a +0 mace.
* * * LOW HITPOINT WARNING * * *
The orc knight shoots a bolt.
The bolt hits you!!
You die...

#.........###............#.####..
##........# ###........##### #...
#.......## #.....#### #...
##.....## ###...## ##.# ##....#
##....## ### #..... ##()))..##
......# ##..))....# ##..#...
#..)))##.## ##)@###### ###))o###
#....)..## #...........#########
.....................
.....................
#...###...##..##..##. .o≈≈
#≈≈......o ..# .≈≈ #≈≈≈........ .


You could see an orc knight and an orc warrior.

Vanquished Creatures
  Rupert (Lair:4)
  A frost giant (IceCv)
  A dire elephant (Lair:5)
  Josephine (Lair:4)
  6 hydras
  3 catoblepae
  An alligator (Lair:3)
  2 centaur warriors (Orc:2)
  A two-headed ogre (D:10)
  11 death yaks
  2 goliath frogs (Lair:3)
  2 swamp dragons (Lair:3)
  2 lindwurms (Lair:5)
  4 orc knights (Orc:2)
  Pikel (D:6)
  2 cyclopes
  3 black mambas
  An ice statue (IceCv)
  8 elephants
  2 gargoyles
  A torpor snail (Lair:5)
  12 cane toads
  Maggie (D:7)
  15 rime drakes
  2 komodo dragons
  A kobold demonologist (D:10)
  Psyche (D:8)
  6 polar bears
  2 trolls
  Prince Ribbit (D:6)
  11 dream sheep (Lair:5)
  3 blink frogs (Lair:5)
  A slime creature (D:11)
  A culicivora (Lair:3)
  5 basilisks
  3 wraiths (Lair:4)
  66 yaks
  A wyvern (D:11)
  4 steam dragons
  4 swamp worms (Lair:3)
  3 acid dragons
  9 water moccasins
  Duvessa (D:6)
  A swamp drake (Lair:3)
  4 black bears
  21 orc warriors
  A sky beast (D:7)
  2 ice beasts
  2 ogres (D:6)
  22 wolves
  11 centaurs
  3 lemures (D:6)
  3 kobold brigands
  Blork the orc (D:5)
  12 bullfrogs
  3 gnoll sergeants
  A necrophage (D:5)
  2 scorpions (D:6)
  19 wights
  Dowan (D:6)
  5 electric eels (Lair:3)
  A howler monkey (D:7)
  7 hounds
  6 orc priests
  5 jellies
  4 iguanas
  Jessica (D:2)
  14 orc wizards
  4 hell rats (Lair:5)
  17 gnolls
  7 adders
  A shadow imp (D:5)
  13 white imps
  3 worms
  A dart slug (D:3)
  41 orcs
  6 ball pythons
  5 bats
  4 endoplasms
  2 giant cockroaches
  11 goblins
  7 hobgoblins
  7 jackals
  3 quokkas
  A frilled lizard (D:1)
  13 kobolds
  A rat (D:2)
508 creatures vanquished.

Vanquished Creatures (others)
  A tyrant leech (Lair:3)
  2 howler monkeys (D:7)
  An orc wizard (D:11)
  5 fungi
  7 plants
16 creatures vanquished.

Grand Total: 524 creatures vanquished

Notes
Turn   | Place    | Note
-------+----------+-------------------------------------------
     0 | D:1      | mopl the Hill Orc Fighter began the quest for the Orb.
     0 | D:1      | Reached XP level 1. HP: 19/19 MP: 1/1
    28 | D:1      | Reached skill level 3 in Axes
   175 | D:1      | Reached XP level 2. HP: 26/26 MP: 2/2
   253 | D:1      | Reached skill level 4 in Axes
   736 | D:2      | Reached XP level 3. HP: 31/31 MP: 3/3
   821 | D:2      | Reached skill level 5 in Axes
   867 | D:2      | Found a shimmering altar of Xom.
   977 | D:2      | Found Ruwnytu's Antique Weapon Shop.
  1041 | D:2      | Noticed Jessica
  1052 | D:2      | Killed Jessica
  1053 | D:2      | Reached XP level 4. HP: 32/39 MP: 4/4
  1133 | D:3      | Reached skill level 6 in Axes
  1212 | D:3      | Reached XP level 5. HP: 6/45 MP: 5/5
  1447 | D:3      | Reached skill level 7 in Axes
  2072 | D:3      | Reached skill level 8 in Axes
  2072 | D:3      | Reached XP level 6. HP: 50/51 MP: 6/6
  2643 | D:4      | Reached skill level 9 in Axes
  2716 | D:5      | Entered Level 5 of the Dungeon
  2820 | D:5      | Found a shadowy altar of Dithmenos.
  2919 | D:5      | Reached XP level 7. HP: 38/57 MP: 7/7
  3040 | D:5      | Found an iron altar of Okawaru.
  3044 | D:5      | Became a worshipper of Warmaster Okawaru
  3197 | D:5      | Noticed Blork the orc
  3212 | D:5      | Killed Blork the orc
  3213 | D:5      | Reached skill level 1 in Invocations
  3256 | D:5      | Reached skill level 10 in Axes
  3281 | D:5      | Reached skill level 4 in Fighting
  3281 | D:5      | Reached skill level 1 in Throwing
  3281 | D:5      | Reached skill level 1 in Evocations
  3314 | D:5      | Identified the +2 leather armour of Spite {rElec Will++
                  | Dex-2}
  3520 | D:6      | Reached skill level 2 in Invocations
  3520 | D:6      | Reached * piety under Okawaru
  3536 | D:6      | Reached XP level 8. HP: 67/67 MP: 9/9
  3565 | D:6      | Noticed Prince Ribbit
  3576 | D:6      | Killed Prince Ribbit
  3577 | D:6      | Reached skill level 4 in Armour
  3577 | D:6      | Reached skill level 2 in Evocations
  3590 | D:6      | Reached ** piety under Okawaru
  3591 | D:6      | Reached skill level 2 in Throwing
  3595 | D:6      | Reached skill level 3 in Invocations
  3598 | D:6      | Reached skill level 11 in Axes
  3613 | D:6      | Reached skill level 5 in Fighting
  3966 | D:6      | Reached XP level 9. HP: 71/74 MP: 11/11
  3970 | D:6      | Reached skill level 4 in Invocations
  3996 | D:6      | Found a broken altar of Ashenzari.
  4003 | D:6      | Noticed Dowan
  4004 | D:6      | Noticed Pikel
  4022 | D:6      | Killed Pikel
  4022 | D:6      | Reached *** piety under Okawaru
  4023 | D:6      | Reached skill level 3 in Throwing
  4023 | D:6      | Reached skill level 5 in Armour
  4023 | D:6      | Reached skill level 3 in Evocations
  4026 | D:6      | Killed Dowan
  4040 | D:6      | Noticed Duvessa
  4044 | D:6      | HP: 3/68 [Duvessa/+0 short sword of draining (1)]
  4052 | D:6      | Killed Duvessa
  4254 | D:6      | Reached **** piety under Okawaru
  4255 | D:6      | Reached skill level 6 in Fighting
  4255 | D:6      | Reached skill level 12 in Axes
  4343 | D:6      | Found a staircase to the Ecumenical Temple.
  4352 | D:6      | Reached skill level 5 in Invocations
  4541 | D:7      | Reached skill level 4 in Evocations
  4543 | D:7      | Reached XP level 10. HP: 76/84 MP: 11/14
  4546 | D:7      | Reached ***** piety under Okawaru
  4547 | D:7      | Reached skill level 4 in Throwing
  4547 | D:7      | Reached skill level 6 in Armour
  4561 | D:7      | Received a gift from Okawaru
  4694 | D:7      | Reached skill level 6 in Invocations
  4782 | D:7      | Noticed Maggie
  4795 | D:7      | Paralysed by Maggie for 2 turns
  4800 | D:7      | Killed Maggie
  4875 | D:7      | Reached skill level 13 in Axes
  5631 | D:8      | Reached skill level 7 in Fighting
  5724 | D:8      | Noticed Psyche
  5734 | D:8      | Killed Psyche
  5735 | D:8      | Reached skill level 5 in Evocations
  6078 | D:8      | Reached skill level 7 in Invocations
  6080 | D:8      | Received a gift from Okawaru
  6088 | D:8      | Reached skill level 5 in Throwing
  6088 | D:8      | Reached XP level 11. HP: 24/92 MP: 16/16
  6347 | D:8      | Reached skill level 7 in Armour
  6663 | D:8      | Reached skill level 14 in Axes
  6749 | D:8      | Found a sacrificial altar of Ru.
  7104 | D:9      | Found a staircase to the Orcish Mines.
  7324 | D:9      | Found an opulent altar of Gozag.
  7412 | D:9      | Reached skill level 8 in Fighting
  7521 | D:9      | Found a staircase to the Lair.
  8061 | D:10     | Entered Level 10 of the Dungeon
  8083 | D:10     | Noticed a two-headed ogre
  8091 | D:10     | Killed a two-headed ogre
  8170 | D:10     | Found an ancient bone altar of Kikubaaqudgha.
  8218 | D:10     | Found a burning altar of Makhleb.
  8353 | D:10     | Found a basalt altar of Yredelemnul.
  8376 | D:10     | Reached skill level 6 in Evocations
  8439 | D:10     | Reached skill level 8 in Invocations
  8498 | D:10     | Found a shimmering blue altar of Sif Muna.
  8520 | D:10     | Identified the +5 trident of Naagit {vorpal, rC+ Will+}
  8604 | D:10     | Noticed a cyclops
  8616 | D:10     | Killed a cyclops
  9108 | Lair:1   | Entered Level 1 of the Lair of Beasts
  9154 | Lair:1   | Received a gift from Okawaru
  9664 | Lair:1   | Identified the +1 robe "Wanaowk" {Rampage Will+}
  9842 | Lair:1   | Reached skill level 15 in Axes
 10366 | D:11     | Reached skill level 8 in Armour
 10372 | D:11     | Reached skill level 6 in Throwing
 10374 | D:11     | Reached XP level 12. HP: 34/103 MP: 18/18
 10649 | D:11     | Found a viscous altar of Jiyva.
 11107 | D:11     | Reached skill level 9 in Fighting
 11502 | D:11     | Reached skill level 9 in Invocations
 11819 | Lair:2   | Received a gift from Okawaru
 11839 | Lair:2   | Reached skill level 7 in Evocations
 11868 | Lair:2   | Reached ****** piety under Okawaru
 12094 | Lair:2   | Noticed an eight-headed hydra
 12109 | Lair:2   | Identified the +3 pair of gloves "Yptucoyb" {Str+4 Dex+3}
                  | (Okawaru gifted it to you on level 2 of the Lair of Beasts)
 12109 | Lair:2   | Received a gift from Okawaru
 12111 | Lair:2   | Reached skill level 16 in Axes
 12123 | Lair:2   | Killed an eight-headed hydra
 12332 | Lair:2   | Identified the +0 robe "Kuskar" {rPois Will+ Regen+}
 12630 | Lair:2   | Reached skill level 9 in Armour
 13062 | Lair:3   | Reached skill level 10 in Invocations
 13072 | Lair:3   | Identified the +3 ring mail "Puregenu" {rC+ Dex+2 Slay+5}
 13095 | Lair:3   | Reached skill level 7 in Throwing
 13128 | Lair:3   | Reached XP level 13. HP: 57/113 MP: 20/20
 13282 | Lair:3   | Reached skill level 10 in Fighting
 13305 | Lair:3   | Found a hole to the Spider Nest.
 13536 | Lair:3   | Received a gift from Okawaru
 13643 | Lair:3   | Found a staircase to the Swamp.
 13819 | Lair:3   | Reached skill level 17 in Axes
 14187 | Lair:3   | Reached skill level 8 in Evocations
 14672 | Lair:4   | Found a burning altar of Makhleb.
 14691 | Lair:4   | Received a gift from Okawaru
 14871 | Lair:4   | Noticed Rupert
 14871 | Lair:4   | Paralysed by Rupert for 2 turns
 14888 | Lair:4   | Killed Rupert
 14888 | Lair:4   | Received a gift from Okawaru
 14907 | Lair:4   | Received a gift from Okawaru
 14970 | Lair:4   | Noticed Josephine
 14982 | Lair:4   | Reached skill level 1 in Dodging
 14986 | Lair:4   | Killed Josephine
 15113 | Lair:4   | Found a viscous altar of Jiyva.
 15113 | Lair:4   | Found a staircase to the Slime Pits.
 15677 | Lair:5   | Entered Level 5 of the Lair of Beasts
 15699 | Lair:5   | Received a gift from Okawaru
 15709 | Lair:5   | Reached skill level 11 in Invocations
 15741 | Lair:5   | Identified the +1 pair of gloves "Safaejof" {rPois Str-5
                  | Stlth+} (Okawaru gifted it to you on level 5 of the Lair of
                  | Beasts)
 15741 | Lair:5   | Received a gift from Okawaru
 15742 | Lair:5   | Reached skill level 10 in Armour
 15742 | Lair:5   | Reached skill level 2 in Dodging
 15844 | Lair:5   | Reached XP level 14. HP: 91/122 MP: 22/22
 15876 | Lair:5   | Reached skill level 18 in Axes
 15890 | Lair:5   | Reached skill level 8 in Throwing
 15911 | Lair:5   | Reached skill level 11 in Fighting
 16739 | Lair:5   | Identified the +1 buckler "Urishit" {+Inv Str+3} (Okawaru
                  | gifted it to you on level 5 of the Lair of Beasts)
 16739 | Lair:5   | Received a gift from Okawaru
 16740 | Lair:5   | Reached skill level 9 in Evocations
 16748 | Lair:5   | Reached skill level 3 in Dodging
 17051 | Lair:5   | Noticed a dire elephant
 17073 | Lair:5   | Killed a dire elephant
 17533 | Orc:1    | Entered Level 1 of the Orcish Mines
 17571 | Orc:2    | Entered Level 2 of the Orcish Mines
 17579 | Orc:2    | Found a staircase to the Elven Halls.
 17671 | Orc:2    | Found a runed translucent door.
 17674 | Orc:2    | Noticed Laemies's ghost (journeyman DsAK)
 17703 | Orc:2    | Found a frozen archway.
 17727 | IceCv    | Entered an ice cave
 18037 | IceCv    | Reached skill level 12 in Invocations
 18051 | IceCv    | Identified the +7 lajatang "Acyus" {venom, rElec Int+4
                  | SInv} (Okawaru gifted it to you in an ice cave)
 18051 | IceCv    | Received a gift from Okawaru
 18330 | IceCv    | Noticed a frost giant
 18350 | IceCv    | Killed a frost giant
 18351 | IceCv    | Reached skill level 19 in Axes
 18759 | Orc:2    | Reached XP level 15. HP: 114/132 MP: 24/24
 18788 | Orc:2    | Reached skill level 4 in Dodging
 18814 | Orc:2    | Reached skill level 11 in Armour
 18814 | Orc:2    | Received a gift from Okawaru
 18840 | Orc:2    | Shot with a bolt by an orc knight

Illustrated notes

Levels and vault maps discovered:
D:1:      minmay_arrival_four_houses, layout_basic
D:2:      layout_basic, basic_altar, serial_shops, shop, dreamdust_wishing_well,
          kennysheep_jessica_study
D:3:      layout_basic, uniq_jessica
D:4:      layout_basic
D:5:      layout_loops_ring, grunt_dithmenos_smoke_and_mirrors, kennysheep_mini,
          uniq_blork_the_orc
D:6:      layout_loops_ring, overflow_temple_1_default,
          minmay_temple_entry_waves, st_stairs_12, nicolae_titane, uniq_duvessa,
          uniq_pikel, uniq_prince_ribbit1
D:7:      layout_cave_pods, sigmund_army, uniq_maggie
D:8:      layout_cave_pods, nicolae_ru_path_of_blood,
          kennysheep_generic_room_11, uniq_psyche
D:9:      layout_stronghold, grunt_gozag_statues, dpeg_oklobed_lair,
          david_orc_3, minivault_5
D:10:     layout_roguey, mainiacjoe_overflow_24_doors, lemuel_round_altar,
          mainiacjoe_overflow_tiny_flanked, mainiacjoe_overflow_catwalk
D:11:     cheibrodos_steamvent, layout_grid_maze, jiyva_altar_1
Lair:1:   layout_cave_pods, lemuel_fruit_fields, infiniplex_staircase_pool
Lair:2:   layout_chaotic_city
Lair:3:   onia_ninara_swampy_vault, layout_long_grid, minmay_swamp_entry_eels,
          spider_nest_entry_rubble, grunt_megastairs_2
Lair:4:   layout_gridlike, dpeg_slime_entry_enclosed, basic_altar, uniq_rupert,
          uniq_josephine
Lair:5:   hangedman_lair_in_review, layout_gridlike, grunt_megastairs_5,
          serial_bayou_shore_b
Orc:1:    layout_caves, serial_shops, shop
Orc:2:    st_orc_rangers, layout_diamond_mine, portal_ice_cave_entry_imps,
          ebering_ghost_inner_flame

Skill      XL: |  1  2  3  4  5  6  7  8  9 10 11 12 13 14 15 |
---------------+----------------------------------------------+-----
Axes           | 3 4 5 6 8 9 10 11 12 13 15 16 17 19 | 19.3
Invocations    | 2 3 5 7 8 10 11 12 | 12.3
Fighting       | 4 5 6 7 8 9 10 11 | 11.9
Throwing       | 1 2 3 5 6 7 8 |  8.9
Evocations     | 1 2 4 5 6 7 8 9 |  9.6
Armour         | 4 5 6 8 9 10 11 | 11.0
Dodging        | 2 3 4 |  4.1
Shields        | |  3.2

Action                   |  1- 3 |  4- 6 |  7- 9 | 10-12 | 13-15 || total
-------------------------+-------+-------+-------+-------+-------++-------
Melee: War axe           |    90 |   136 |   141 |       |       ||   367
       Battleaxe         |       |       |    51 |   534 |   524 ||  1109
       Trident           |       |       |       |    11 |    32 ||    43
       Punch             |       |       |       |     2 |     1 ||     3
Throw: Dart              |       |       |       |    16 |    42 ||    58
       Boomerang         |       |       |       |       |     7 ||     7
Invok: Heroism           |       |       |     3 |    21 |    23 ||    47
       Finesse           |       |       |       |       |     3 ||     3
Evoke: Wand              |       |       |     2 |     4 |     6 ||    12
       Piece from Xom's  |       |       |       |       |     7 ||     7
  Use: Scroll            |     1 |     5 |     1 |     6 |     5 ||    18
       Potion            |       |       |     3 |     1 |     3 ||     7
 Stab: Paralysed         |       |       |       |     5 |     2 ||     7
       Petrifying        |       |       |       |       |     6 ||     6
       Confused          |       |       |       |       |     4 ||     4
       Petrified         |       |       |       |       |     5 ||     5
Armor: Scale mail        |     6 |       |       |       |       ||     6
       Plate armour      |    56 |    93 |   109 |   159 |       ||   417
       Skin              |       |       |     9 |       |       ||     9
       Chain mail        |       |       |       |   118 |   276 ||   394
Dodge: Dodged            |    34 |    41 |    50 |   244 |   316 ||   685
Block: Buckler           |    23 |    34 |    34 |       |       ||    91

Table legend: (Time is in decaauts)
 A = Elapsed time spent in this place.
 B = Non-inter-level travel time spent in this place.
 C = Inter-level travel time spent in this place.
 D = Time resting spent in this place.
 E = Time spent auto-exploring this place.
 F = Levels seen in this place.
 G = Mean time per level.
                   A        B        C        D        E       F      G
               +--------+--------+--------+--------+--------+-----+--------+
         Total |  18623 |  17868 |    755 |   4633 |   9780 |  19 |  980.2 |
       Dungeon |  10669 |  10184 |    485 |   2045 |   6415 |  11 |  969.9 |
          Lair |   6719 |   6450 |    269 |   2168 |   3064 |   5 | 1343.8 |
  Orcish Mines |    342 |    342 |      0 |      0 |     77 |   2 |  171.0 |
      Ice Cave |    891 |    891 |      0 |    420 |    224 |   1 |  891.0 |
               +--------+--------+--------+--------+--------+-----+--------+

Top non-repeatable levels by time:
  Lair:2: 1658 daAuts
  Lair:5: 1648 daAuts
    D:11: 1436 daAuts
  Lair:3: 1430 daAuts
     D:9: 1334 daAuts
     D:8: 1184 daAuts
     D:3: 1138 daAuts
     D:6: 1110 daAuts
  Lair:1: 1103 daAuts
     D:7: 1103 daAuts
    D:10: 1044 daAuts
   IceCv: 891 daAuts
  Lair:4: 879 daAuts
     D:1: 712 daAuts
     D:5: 692 daAuts
